 Dungeon Crawl Stone Soup version 0.30.0-3-ga4e48a9924 (webtiles) character file.

Game seed: 263002489971896950

10361 cheesebisquit the Grappler (level 11, -6/108 HPs)
             Began as a Ghoul Gladiator on May 7, 2023.
             Was a Follower of Makhleb.
             Mangled by a white ugly thing (11 damage)
             ... on level 11 of the Dungeon.
             The game lasted 00:41:43 (13536 turns).

cheesebisquit the Grappler (Ghoul Gladiator)       Turns: 13536, Time: 00:41:43

Health: -6/108     AC: 14    Str: 27    XL:     11   Next: 60%
Magic:  10/10      EV:  7    Int:  9    God:    Makhleb [*.....]
Gold:   556        SH:  3    Dex: 10    Spells: 10/10 levels left

rFire   + .          .
                       - Unarmed
rCold   + . .        e - +0 buckler
rNeg    + + +        i - +0 plate armour
rPois   ∞            b - +0 helmet
rElec   +            p - +1 cloak
rCorr   .            (no gloves)
SInv    .            x - +0 pair of boots
Will    .....        s - amulet of the acrobat Stlth
                     H - ring of protection from fire
HPRegen 0.00/turn    J - ring of Qoadad {+Blink rElec Str+6 Int+4 Slay-4}
MPRegen 0.12/turn

%: acrobat
@: mighty, inhibited regen, invisible
A: claws 1, cold resistance 1, negative energy resistance 3, inhibited
regeneration, torment resistance 2, devour on kill
a: Renounce Religion, Evoke Blink


You were on level 11 of the Dungeon.
You worshipped Makhleb.
Makhleb was aware of your devotion.
You visited 2 branches of the dungeon, and saw 12 of its levels.
You also visited: Sewer and Ossuary.

You collected 689 gold pieces.
You spent 133 gold pieces at shops.

Inventory:

Hand Weapons
 r - a +2 flail of protection
 z - a +3 morningstar
Missiles
 B - 5 javelins
 Q - 9 poisoned darts
Armour
 a - a +0 leather armour
 b - a +0 helmet (worn)
 e - a +0 buckler (worn)
 i - a +0 plate armour (worn)
 p - a +1 cloak (worn)
 x - a +0 pair of boots (worn)
Jewellery
 n - a ring of resist corrosion
 s - an amulet of the acrobat (around neck)
 y - an amulet of magic regeneration
 D - an amulet of faith
 H - a ring of protection from fire (left claw)
 J - the ring of Qoadad (right claw) {+Blink rElec Str+6 Int+4 Slay-4}
   (You found it on level 7 of the Dungeon)

   [ring of strength]

   Str:       It affects your strength (+6).
   Int:       It affects your intelligence (+4).
   Slay:      It affects your accuracy & damage with ranged weapons and melee
   (-4).
   rElec:     It insulates you from electricity.
   +Blink:    It lets you blink.
 L - a ring of magical power
 P - a ring of ice
Wands
 q - a wand of iceblast (26)
 N - a wand of paralysis (7)
 S - a wand of digging (6)
Scrolls
 d - a scroll of immolation
 f - 5 scrolls of teleportation
 j - 2 scrolls of magic mapping
 k - 3 scrolls of fog
 m - 2 scrolls of vulnerability
 t - a scroll of amnesia
 A - a scroll of noise
 E - a scroll of acquirement {unknown}
 F - a scroll of fear {unknown}
 I - a scroll of blinking
 K - a scroll of poison
 M - a scroll of brand weapon {unknown}
 O - 2 scrolls of torment
Potions
 c - a potion of flight
 g - 5 potions of mutation
 h - 3 potions of might
 l - a potion of attraction
 o - 3 potions of resistance
 u - 2 potions of lignification {unknown}
 v - a potion of invisibility
 C - a potion of cancellation
 G - 2 potions of brilliance
 R - a potion of berserk rage


   Skills:
 + Level 13.9 Fighting
 - Level 1.7 Throwing
 - Level 2.6 Dodging
 + Level 14.1 Unarmed Combat


You had 10 spell levels left.
You didn't know any spells.
Your spell library contained the following spells:

 Spells                   Type           Power      Damage    Failure   Level
 Foxfire                  Conj/Fire      0%         2x1d4     100%        1
 Poisonous Vapours        Pois/Air       0%         N/A       100%        2
 Inner Flame              Hex/Fire       0%         N/A       100%        3
 Mephitic Cloud           Conj/Pois/Air  0%         N/A       100%        3
 Fireball                 Conj/Fire      0%         3d3       100%        5
 Freezing Cloud           Conj/Ice/Air   0%         6-21      100%        5
 Yara's Violent Unravell  Hex/Tmut       0%         3d3       100%        5
 Plasma Beam              Fire/Air       0%         2x1d11    100%        6
 Starburst                Conj/Fire      0%         6d3       100%        6
 Enfeeble                 Hex            0%         N/A       100%        7


Dungeon Overview and Level Annotations

Branches:
Dungeon (11/15)            Temple (1/1) D:7            Lair (0/5) D:8
  Sewer (visited)         Ossuary (visited)
    Orc: D:9-12

Altars:
Ashenzari
Cheibriados
Dithmenos
Fedhas
Gozag
Hepliaklqana
Kikubaaqudgha
Makhleb
Nemelex Xobeh
Okawaru
Qazlal
Ru
Sif Muna
Trog
Uskayaw
Vehumet
Wu Jian
Xom
Yredelemnul

Shops:
D:1 :=?   D:3 (   D:6 ?

Portals:
Trove: D:10 (give 16 scrolls of teleportation)

Annotations:
D:8 Prince Ribbit
D:10 exclusion: orange crystal statue


Innate Abilities, Weirdness & Mutations

You are immune to poison.
You have sharp fingernails.
Your flesh is cold resistant. (rC+)
You are immune to negative energy. (rN+++)
You do not regenerate when monsters are visible.
You are immune to unholy pain and torment.
You thrive by killing the living.


Message History

[Y]es or [N]o only, please.
Really walk into that cloud of freezing vapour?
Okay, then.
A white ugly thing comes into view.
You mangle the white ugly thing!!
The white ugly thing is moderately wounded.
The white ugly thing punches you but does no damage.
You scratch the white ugly thing but do no damage.
The white ugly thing is moderately wounded.
The white ugly thing punches you! The white ugly thing freezes you! You resist.
You barely miss the white ugly thing.
The white ugly thing is moderately wounded.
The white ugly thing punches you. The white ugly thing freezes you! You resist.
You closely miss the white ugly thing.
The white ugly thing is moderately wounded.
You barely miss the white ugly thing.
The white ugly thing is moderately wounded.
The white ugly thing completely misses you.
You closely miss the white ugly thing.
The white ugly thing is moderately wounded.
The white ugly thing punches you but does no damage.
You mangle the white ugly thing!!
The white ugly thing is severely wounded.
You closely miss the white ugly thing.
The white ugly thing is severely wounded.
The white ugly thing punches you!
* * * LOW HITPOINT WARNING * * *
The white ugly thing freezes you! You resist.
* * * LOW HITPOINT WARNING * * *
You fade into invisibility!
The white ugly thing punches you.
* * * LOW HITPOINT WARNING * * *
The white ugly thing freezes you! You resist.
* * * LOW HITPOINT WARNING * * *
You feel very mighty all of a sudden. The white ugly thing barely misses you.
You barely miss the white ugly thing.
The white ugly thing is severely wounded.
The white ugly thing punches you!
You die... #....... ......# #....... #..... #....... #.... ######## #. #k8: .#...# ######## ..# .Z8 #.....# #.....## #... k8W

...#...# #.....## ##..# k.
#..##u..#....##.....#.
####..##.##..###@..#....##.....#.
..###.......###.##.+....##.....#.
..<###..#..###..##.#....##.....#.
....###.Zk###...##.#....##.....#.
##..k###k####...##.#....##..##.#.
##..kk#..#+##......#....######.#'
............####'###.............
............##..[................
............##...................


You could see a white ugly thing (unable to see you).

Vanquished Creatures
  Josephine (D:10)
  2 two-headed ogres
  Maurice (D:9)
  A manticore (D:11)
  A freezing wraith (D:11)
  A rime drake (D:11)
  A troll (D:9)
  A hornet (D:10)
  A vampire (D:9)
  3 shadows
  5 wraiths (D:10)
  4 vampire mosquitoes (D:11)
  2 acid dragons
  2 water moccasins
  A meliai simulacrum (D:11)
  2 ice beasts
  4 orc warriors
  5 black bears
  2 ogres (D:6)
  2 centaurs
  2 phantoms
  A kobold brigand (D:9)
  An elf zombie (Ossuary)
  3 gnoll sergeants
  A scorpion (D:6)
  9 wights (D:7)
  12 killer bees
  7 electric eels (D:8)
  2 hounds
  2 human zombies (Ossuary)
  5 jellies
  4 orc priests
  A sleepcap (D:7)
  Ijyb (D:3)
  6 iguanas
  11 orc wizards
  2 hound zombies (Ossuary)
  3 mummies (Ossuary)
  18 gnolls
  12 adders
  2 river rats
  A shadow imp (D:7)
  A white imp (D:7)
  An ufetubus (D:5)
  6 adder zombies (Ossuary)
  4 worms
  5 dart slugs
  31 orcs
  14 ball pythons
  9 endoplasms
  11 giant cockroaches
  A gnoll zombie (Ossuary)
  4 goblins
  6 hobgoblins
  8 kobolds
  6 quokkas
  4 bats
  A frilled lizard (Sewer)
  4 goblin zombies (Ossuary)
  2 hobgoblin zombies (Ossuary)
  3 jackal zombies (Ossuary)
  3 kobold zombies (Ossuary)
  2 orc zombies (Ossuary)
  3 quokka zombies (Ossuary)
  10 rats
  5 rat zombies (Ossuary)
292 creatures vanquished.

Vanquished Creatures (others)
  A bat (D:3)
1 creature vanquished.

Grand Total: 293 creatures vanquished

Notes
Turn   | Place    | Note
-------+----------+-------------------------------------------
     0 | D:1      | cheesebisquit the Ghoul Gladiator began the quest for the
                  | Orb.
     0 | D:1      | Reached XP level 1. HP: 17/17 MP: 0/0
    40 | D:1      | Found Muanaff's Jewellery Shoppe.
   216 | D:1      | Reached XP level 2. HP: 25/25 MP: 1/1
   498 | D:1      | Found Locum's Book Emporium.
   642 | D:1      | Found Mavvotops's Magic Scroll Shoppe.
   918 | D:2      | Reached XP level 3. HP: 31/31 MP: 2/2
   954 | D:2      | Reached skill level 4 in Unarmed Combat
  1430 | D:3      | Found Fuigixar's Weapon Shoppe.
  1449 | D:3      | Reached XP level 4. HP: 39/39 MP: 3/3
  1649 | D:3      | Noticed Ijyb
  1674 | D:3      | Killed Ijyb
  1914 | D:3      | Reached XP level 5. HP: 46/46 MP: 4/4
  2088 | D:4      | Reached skill level 5 in Unarmed Combat
  2248 | D:4      | Noticed a phantom
  2266 | D:4      | Killed a phantom
  2376 | D:4      | Reached XP level 6. HP: 55/55 MP: 5/5
  2503 | D:4      | Reached skill level 5 in Fighting
  2536 | D:4      | Found a glowing drain.
  2550 | Sewer    | Entered a sewer
  2830 | Sewer    | Reached skill level 6 in Unarmed Combat
  2940 | Sewer    | Found a viscous altar of Jiyva.
  2988 | Sewer    | Reached XP level 7. HP: 54/62 MP: 6/6
  3431 | D:5      | Entered Level 5 of the Dungeon
  3518 | D:5      | Reached skill level 7 in Unarmed Combat
  3884 | D:5      | Reached XP level 8. HP: 62/73 MP: 7/7
  4044 | D:5      | Found a sand-covered staircase.
  4193 | Ossuary  | Entered an ossuary
  4248 | Ossuary  | Reached skill level 8 in Unarmed Combat
  5080 | D:6      | Reached skill level 9 in Unarmed Combat
  5111 | D:6      | Reached XP level 9. HP: 34/82 MP: 8/8
  5797 | D:6      | Found Efasoaw's Magic Scroll Boutique.
  5800 | D:6      | Bought a scroll of blinking for 105 gold pieces
  5800 | D:6      | Bought a scroll of identify for 28 gold pieces
  5981 | D:7      | Identified the ring of Qoadad {+Blink rElec Str+6 Int+4
                  | Slay-4}
  6016 | D:7      | Reached skill level 10 in Unarmed Combat
  6241 | D:7      | Reached skill level 10 in Fighting
  6624 | D:7      | Found a staircase to the Ecumenical Temple.
  6760 | Temple   | Entered the Ecumenical Temple
  6891 | D:7      | Reached skill level 11 in Unarmed Combat
  7125 | D:8      | Reached XP level 10. HP: 36/94 MP: 9/9
  7421 | D:8      | Found a staircase to the Lair.
  7512 | D:8      | Found a burning altar of Makhleb.
  7564 | D:8      | Became a worshipper of Makhleb the Destroyer
  7949 | D:8      | Noticed Prince Ribbit
  9877 | D:9      | Noticed Maurice
  9912 | D:9      | Killed Maurice
  9913 | D:9      | Reached skill level 12 in Unarmed Combat
 10086 | D:9      | Found a hide-covered altar of Uskayaw.
 10985 | D:10     | Entered Level 10 of the Dungeon
 11287 | D:10     | Noticed an orange crystal statue
 11569 | D:10     | Noticed Josephine
 11587 | D:10     | Killed Josephine
 11596 | D:10     | Reached skill level 13 in Unarmed Combat
 11596 | D:10     | Reached XP level 11. HP: 33/106 MP: 10/10
 11618 | D:10     | HP: 5/107 [wraith[Josephine] (5)]
 11837 | D:10     | Noticed a two-headed ogre
 11851 | D:10     | Killed a two-headed ogre
 11997 | D:10     | Found a portal to a secret trove of treasure.
 12728 | D:11     | Reached * piety under Makhleb
 12745 | D:11     | Noticed a manticore
 12754 | D:11     | Killed a manticore
 12934 | D:11     | Noticed a two-headed ogre
 12942 | D:11     | Killed a two-headed ogre
 12943 | D:11     | Reached skill level 14 in Unarmed Combat
 13520 | D:11     | Noticed a white ugly thing
 13534 | D:11     | HP: 5/108 [white ugly thing (12)]
 13536 | D:11     | Mangled by a white ugly thing

Illustrated notes

Levels and vault maps discovered:
D:1:      lightli_arrival_maybe_door_vault, layout_basic, serial_shops,
          nicolae_shop_gaudy_bauble, shop, nicolae_shop_rolled_up
D:2:      layout_basic
D:3:      layout_basic, mainiacjoe_overflow_boulevard, serial_shops,
          nicolae_shop_bloodbath_and_beyond, uniq_ijyb
D:4:      layout_basic, gup_sewer_entry_spiral
D:5:      layout_loops_ring, enter_ossuary_1, hangedman_decor_opposing,
          minivault_24
D:6:      layout_rooms, serial_shops, nicolae_shop_rolled_up
D:7:      layout_rooms, minmay_temple_entry_proselytizer, corner_web_ring
D:8:      nicolae_moon_pools, layout_layer_cave,
          mainiacjoe_overflow_concentric_impassable, lair_entry_dummy,
          minivault_23, uniq_prince_ribbit1
D:9:      layout_loops_ring, mainiacjoe_overflow_surrounded_room,
          minmay_misc_feat_tower, uniq_maurice
D:10:     layout_loops_ring, nicolae_trove_entry_crystal,
          minmay_protected_statue, uniq_josephine
D:11:     minmay_coctagon, layout_stronghold, ebering_ghost_funeral_grove
Temple:   hellmonk_temple_of_storms

Skill      XL: |  1  2  3  4  5  6  7  8  9 10 11 |
---------------+----------------------------------+-----
Fighting       | 3 4 5 7 8 10 12 13 | 13.9
Unarmed Combat | 4 5 6 7 9 11 13 14 | 14.1
Throwing       | |  1.7
Dodging        | |  2.6

Action                     |  1- 3 |  4- 6 |  7- 9 | 10-12 || total
---------------------------+-------+-------+-------+-------++-------
  Melee: Unarmed           |   102 |   203 |   449 |   420 ||  1174
  Throw: Throwing net      |     9 |       |     1 |       ||    10
         Javelin           |     2 |     2 |     6 |     2 ||    12
         Boomerang         |       |       |     7 |       ||     7
         Dart              |       |       |       |     2 ||     2
  Evoke: Wand              |       |       |     2 |    10 ||    12
    Use: Scroll            |       |     2 |    10 |    14 ||    26
         Potion            |       |       |     2 |    12 ||    14
   Stab: Held in net/web   |     2 |       |       |       ||     2
 Armour: Leather armour    |    21 |       |       |       ||    21
         Plate armour      |    23 |   135 |   289 |   197 ||   644
  Dodge: Dodged            |    41 |    49 |   123 |   128 ||   341
  Block: Buckler           |    10 |    27 |    49 |    41 ||   127
